AoeStats
← pbarnier543

MegaRandom

504697714Analyzed
1v1 RM · 26d ago on Sep 6, 2026· 36m 31s· 2 players
Game mode
Random Map
Map size
Tiny (2 player)
Population
200
Speed
Normal
Resources
Standard
Victory
Conquest
Starting age
Dark Age
Ending age
Imperial Age
RankedLock teamsTeams togetherTeam positionsShared explorationLock speedFull tech treeHidden civsTurbo modeCheats
Victory
Defeat
🇬🇷 Spanish · Greece
491
+10
🇫🇷 Teutons · France
365
-10
pbarnier543
0:37 Loom
13:36 Feudal Age
14:05 Double-Bit Axe
14:12 Fishing Lines
15:47 Wheelbarrow
16:45 Stone Mining
17:21 Town Watch
18:06 Gold Mining
18:09 Horse Collar
23:04 Castle Age
22:59 Forging
22:50 Scale Mail Armor
22:57 Scale Barding Armor
22:55 Padded Archer Armor
22:52 Arson
23:37 Fletching
23:45 Gillnets
24:13 Bloodlines
24:48 Bow Saw
26:35 Chain Barding Armor
27:50 Heavy Plow
28:22 Hand Cart
28:09 Town Patrol
29:12 Iron Casting
29:03 Ballistics
32:17 Ironclad
34:49 Imperial Age
34:10 Chain Mail Armor
34:47 Leather Archer Armor
37:01 Blast Furnace
35:42 Cavalier
Paris7
11:14 Feudal Age
9:29 Loom
13:44 Double-Bit Axe
15:18 Horse Collar
20:22 Castle Age
26:43 Fletching
26:54 Padded Archer Armor
29:27 Leather Archer Armor
29:08 Bodkin Arrow
30:00 Thumb Ring
33:55 Scale Barding Armor
34:00 Forging
37:34 Imperial Age
Connection lost

Rejoining the realm…

Still unreachable

The connection could not be restored.

Session expired

The server has moved on; the page needs a fresh start.